 Dungeon Crawl Stone Soup version 0.17-a0-1210-g1e4f09d (webtiles) character file.

3259 Blackbelt the Basher (level 10, 0/70 HPs)
             Began as a Formicid Fighter on June 3, 2015.
             Was a Priest of Ru.
             Slain by a three-headed hydra (7 damage)
             ... on level 8 of the Dungeon.
             The game lasted 00:27:31 (8668 turns).

Blackbelt the Basher (Formicid Fighter)             Turns: 8668, Time: 00:27:31

Health: 0/70       AC: 18    Str: 30      XL:     10   Next: 19%
Magic:  10/10      EV:  7    Int:  6 (7)  God:    Ru [***...]
Gold:   382        SH: 11    Dex:  9      Spells: 0 memorised, 9 levels left

rFire  . . .     SeeInvis +     o - +1 flail (venom)
rCold  + + .     Clarity  +     D - +2 chain mail {rC+}
rNeg   . . .     SustAt   .     c - +1 shield
rPois  .         Gourm    +     (helmet unavailable)
rElec  .         Spirit   .     r - +0 cloak
rCorr  .         Warding  .     (no gloves)
rMut   .         Stasis   +     y - +0 pair of boots
MR     +....                    v - amulet of the gourmand
Stlth  ..........               B - ring of teleportation (curse)
                                x - ring of protection from cold

@: mighty, somewhat resistant to hostile enchantments, extremely unstealthy
A: permanent stasis, dig shafts and tunnels, four strong arms, antennae 3, rough
black scales 1, blurry vision 1, clarity, deterioration 1, inability to use
devices
a: Dig, Shaft Self, Draw Out Power, Renounce Religion


You were on level 8 of the Dungeon.
You worshipped Ru.
Ru was most pleased with you.
You were very full.

You visited 2 branches of the dungeon, and saw 9 of its levels.
You also visited: Ossuary.

You collected 638 gold pieces.
You spent 256 gold pieces at shops.

Inventory:

Hand weapons
 a - a +0 flail
 h - a +0 blowgun
 o - a +1 flail of venom (weapon)
Missiles
 d - 33 poisoned needles
Armour
 b - a +0 scale mail
 c - a +1 shield (worn)
 r - a +0 cloak (worn)
 y - a +0 pair of boots (worn)
 A - the +0 pair of boots of Ejettov {Regen+ Str-5 Dex+3}
   (You bought it in a shop on level 5 of the Dungeon)

   It affects your strength (-5).
   It affects your dexterity (+3).
   It increases your rate of regeneration.
 D - a +2 chain mail of cold resistance (worn)
 H - a +0 plate armour of poison resistance
Jewellery
 s - an uncursed amulet of resist corrosion
 v - an amulet of the gourmand (around neck)
 x - a ring of protection from cold (left hand)
 B - a cursed ring of teleportation (right hand)
Scrolls
 k - 7 scrolls of identify
 m - 2 scrolls of amnesia
 n - 3 scrolls of recharging
 q - 3 scrolls of teleportation
 u - 2 scrolls of enchant weapon
 w - a scroll of immolation
 C - a scroll of remove curse
Potions
 g - a potion of mutation
 i - 2 potions of magic
 j - 2 potions of might
 l - 3 potions of flight
 G - a potion of poison
 I - a potion of resistance
 J - a potion of ambrosia
Books
 t - a book of Hinderance

   Spells                             Type                      Level
   a - Confusing Touch                Hexes                        2
   b - Confuse                        Hexes                        3
   c - Gell's Gravitas                Hexes/Translocation          3
   d - Petrify                        Transmutation/Earth          4
   e - Metabolic Englaciation         Hexes/Ice                    5
 z - a book of the Warp

   Spells                             Type                      Level
   a - Recall                         Summoning/Translocation      3
   b - Gell's Gravitas                Hexes/Translocation          3
   c - Control Teleport               Charms/Translocation         4
   d - Force Lance                    Conjuration/Translocation    4
   e - Phase Shift                    Translocation                5
   f - Warp Weapon                    Charms/Translocation         5
   g - Summon Forest                  Summoning/Translocation      5
 F - a book of the Earth

   Spells                             Type                      Level
   a - Leda's Liquefaction            Hexes/Earth                  4
   b - Bolt of Magma                  Conjuration/Fire/Earth       5
   c - Statue Form                    Transmutation/Earth          6
   d - Iron Shot                      Conjuration/Earth            6
   e - Shatter                        Earth                        9
Comestibles
 e - 8 bread rations
 f - a royal jelly
 p - 4 meat rations
 E - 3 beef jerkies
 K - 12 fruits
 L - 6 slices of pizza


   Skills:
 - Level 3.2 Fighting
 - Level 12.6 Maces & Flails
 + Level 6.3 Armour
 - Level 3.6 Shields


You had 9 spell levels left.
You didn't know any spells.

Dungeon Overview and Level Annotations

Branches:
Dungeon (8/15)             Temple (1/1) D:6
   Lair: D:8-11

Altars:
Ashenzari
Cheibriados
Dithmenos
Elyvilon
Fedhas
Gozag
Kikubaaqudgha
Makhleb
Nemelex Xobeh
Okawaru
Qazlal
Ru
Sif Muna
Trog
Vehumet
Xom
Yredelemnul
Zin
The Shining One

Shops:
D:4 (=   D:5 ?[%[


Innate Abilities, Weirdness & Mutations

You are under a permanent stasis effect.
You can dig through walls and to a lower floor.
Your four strong arms can wield two-handed weapons with a shield.
You have a pair of large antennae on your head (SInv).
You cannot study or use magical devices.
You are partially covered in rough black scales (AC +4, Dex -1).
Scrolls take you a little longer to read.
You possess an exceptional clarity of mind.
Your body sometimes deteriorates upon taking damage.


Message History

You hit the three-headed hydra.
The three-headed hydra looks even sicker.
The three-headed hydra is severely wounded.
The three-headed hydra bites you!
* * * LOW HITPOINT WARNING * * *
Your body deteriorates!
You feel dopey.
You block the three-headed hydra's attack. x2
The big kobold is stunned by your will and fails to attack.
The big kobold shoots a bolt.
The bolt hits you.
* * * LOW HITPOINT WARNING * * *
You see here a bolt.
You swing at nothing.
The three-headed hydra is stunned by your will and fails to attack.
Drink which item? (? for menu, Esc to quit)
You feel very mighty all of a sudden. The three-headed hydra bites you.
* * * LOW HITPOINT WARNING * * *
The three-headed hydra bites you but does no damage.
The three-headed hydra bites you!
You die...

####### #.....# #.....#
#######.....##
............>#
####....(....###########
#.........#.........#
#............@#####.#
####........##.#D#####.###
...+.....................#
####...########..#####.#.#
#...# #.K#####.#.# #...#
#..........# ##
#...####...# #..........#
#.#.#####..#######


You could see a three-headed hydra and a big kobold.

Vanquished Creatures
  2 yaks (D:8)
  A hippogriff (D:8)
  Edmund (D:4)
  Duvessa (D:5)
  An orc warrior (D:7)
  2 sky beasts
  3 ogres
  A black bear (D:7)
  2 phantoms
  2 big kobolds (D:8)
  A centaur (D:8)
  An elf zombie (Ossuary)
  A giant frog (D:6)
  A water moccasin skeleton (D:7)
  3 scorpions
  Dowan (D:5)
  3 wights (D:6)
  3 crimson imps
  2 centaur zombies
  2 jellies (D:7)
  3 centaur skeletons
  A quasit (D:4)
  A giant frog skeleton (D:5)
  3 hounds
  4 orc wizards
  A worker ant (D:4)
  4 orc priests
  2 sheep (D:8)
  3 big kobold zombies (Ossuary)
  3 mummies
  11 adders
  3 gnolls (D:4)
  3 shadow imps
  An adder skeleton (D:6)
  2 worms
  25 orcs
  A bat zombie (D:5)
  4 giant cockroaches
  7 goblins
  13 hobgoblins
  12 jackals
  13 kobolds
  4 quokkas
  A ball python (D:4)
  A ball python zombie (D:5)
  12 bats
  5 giant geckos
  A giant gecko skeleton (D:6)
  7 giant newts
  A gnoll zombie (Ossuary)
  2 goblin zombies
  4 hobgoblin zombies
  2 kobold zombies (D:7)
  5 orc zombies (Ossuary)
  A quokka zombie (D:4)
  11 rats
211 creatures vanquished.

Notes
Turn   | Place    | Note
--------------------------------------------------------------
     0 | D:1      | Blackbelt the Formicid Fighter began the quest for the Orb.
     0 | D:1      | Reached XP level 1. HP: 18/18 MP: 1/1
   121 | D:1      | Reached XP level 2. HP: 24/24 MP: 2/2
   635 | D:2      | Found a radiant altar of Vehumet.
   704 | D:2      | Reached XP level 3. HP: 24/29 MP: 3/3
   741 | D:2      | Gained mutation: Your body sometimes deteriorates upon taking damage. [potion of mutation]
   741 | D:2      | Gained mutation: You are partially covered in rough black scales (AC +4, Dex -1). [potion of mutation]
   741 | D:2      | Gained mutation: Scrolls take you a little longer to read. [potion of mutation]
   997 | D:2      | Reached XP level 4. HP: 27/35 MP: 4/4
   998 | D:2      | Reached skill level 4 in Maces & Flails
  1677 | D:3      | You fall through a shaft for 2 floors!
  1677 | D:5      | Entered Level 5 of the Dungeon
  1677 | D:5      | Found Oresoloq's Food Shop.
  1818 | D:4      | Reached XP level 5. HP: 26/41 MP: 5/5
  1857 | D:4      | Found Osir's Weapon Emporium.
  1862 | D:4      | Found a snail-covered altar of Cheibriados.
  1866 | D:4      | Reached skill level 5 in Maces & Flails
  1964 | D:4      | Found a sand-covered staircase.
  1986 | Ossuary  | Entered an ossuary
  2032 | Ossuary  | Reached XP level 6. HP: 12/47 MP: 6/6
  2382 | Ossuary  | Reached skill level 6 in Maces & Flails
  2557 | D:4      | Noticed Edmund
  2583 | D:4      | You are sucked into a shaft for 3 floors!
  3016 | D:7      | Noticed a sky beast
  3024 | D:7      | Killed a sky beast
  3024 | D:7      | Reached skill level 7 in Maces & Flails
  3024 | D:7      | Reached XP level 7. HP: 52/52 MP: 7/7
  3325 | D:6      | Found a basalt altar of Yredelemnul.
  3414 | D:5      | Reached skill level 8 in Maces & Flails
  3448 | D:5      | Noticed Dowan
  3460 | D:5      | Killed Dowan
  3985 | D:3      | Reached XP level 8. HP: 56/58 MP: 8/8
  4593 | D:4      | Killed Edmund
  4593 | D:4      | Reached skill level 9 in Maces & Flails
  5090 | D:4      | Found a blossoming altar of Fedhas.
  5101 | D:4      | Found Ydghie's Jewellery Emporium.
  5131 | D:4      | Reached skill level 10 in Maces & Flails
  5293 | D:5      | Noticed a phantom
  5341 | D:5      | Killed a phantom
  5489 | D:5      | Found Afaod's Antique Armour Shoppe.
  5497 | D:5      | Bought a pair of slimy boots for 256 gold pieces
  5507 | D:5      | Identified the cursed +0 pair of boots of Ejettov {Regen+ Str-5 Dex+3} (You bought it in a shop on level 5 of the Dungeon)
  5588 | D:5      | Found Orecli's Magic Scroll Shoppe.
  5628 | D:5      | Noticed Duvessa
  5663 | D:5      | Killed Duvessa
  5663 | D:5      | Reached XP level 9. HP: 45/64 MP: 9/9
  5891 | D:5      | Found Ceh Pol's Armour Shoppe.
  6201 | D:6      | Reached skill level 11 in Maces & Flails
  6218 | D:6      | Found a shadowy altar of Dithmenos.
  6295 | D:6      | Found a staircase to the Ecumenical Temple.
  6373 | Temple   | Entered the Ecumenical Temple
  6517 | Temple   | Became a worshipper of Ru the Awakened
  7281 | D:7      | Found an ancient bone altar of Kikubaaqudgha.
  7284 | D:7      | Found a burning altar of Makhleb.
  7287 | D:7      | Found an opulent altar of Gozag.
  7347 | D:7      | Noticed an orc warrior
  7374 | D:7      | Killed an orc warrior
  7374 | D:7      | Reached skill level 12 in Maces & Flails
  7811 | D:7      | Gained mutation: You are clumsy. (Dex -2) [potion of mutation]
  7811 | D:7      | Gained mutation: You possess an exceptional clarity of mind. [potion of mutation]
  7811 | D:7      | Lost mutation: You are clumsy. (Dex -2) [potion of mutation]
  8040 | D:8      | Found a sparkling altar of Nemelex Xobeh.
  8156 | D:8      | Gained mutation: You cannot study or use magical devices. [Ru sacrifice]
  8156 | D:8      | Acquired Ru's first power
  8156 | D:8      | Acquired Ru's second power
  8156 | D:8      | Acquired Ru's third power
  8275 | D:8      | Reached XP level 10. HP: 70/70 MP: 10/10
  8467 | D:8      | Reached skill level 5 in Armour
  8627 | D:8      | Noticed a three-headed hydra
  8668 | D:8      | Slain by a three-headed hydra

Vault maps used:
D:1:      saegor_arrival_simple_f
D:2:      vehumet_crystals
D:4:      cheibriados_altar_1, serial_shops, shop, shop, enter_ossuary_4,
          fedhas_altar_1, uniq_edmund
D:5:      serial_shops, nicolae_shop_crystal, nicolae_shop_behind_doors,
          kennysheep_mini_moat, shop, first_bread, minmay_misc_feat_tower,
          uniq_duvessa
D:6:      old_standard_altar, nicolae_overflow_crystal_walls, temple_pool_b
D:7:      grunt_temple_overflow_diamond, minmay_mini_ossuary
D:8:      hangedman_ranch, nemelex_lonely_heart_becter
Temple:   water_room_temple_b_12
Ossuary:  minmay_ossuary_gauntlet

Action                   |  1- 3 |  4- 6 |  7- 9 | 10-12 || total
-------------------------+-------+-------+-------+-------++-------
Melee: Flail             |    58 |   251 |   491 |    50 ||   850
 Fire: Blowgun           |       |       |    24 |       ||    24
Invok: Sacrifice Artific |       |       |     1 |       ||     1
 Abil: Shaft Self        |       |     1 |       |       ||     1
  Use: Potion            |     2 |     6 |     4 |     1 ||    13
       Scroll            |       |     6 |     6 |       ||    12
  Eat: Chunk             |       |     4 |    22 |       ||    26
       Pizza             |       |     2 |       |       ||     2
       Bread ration      |       |     1 |       |       ||     1
